AoeStats
← fire

Arena

509313135Analyzed
2v2 RM · 6d ago on Sep 26, 2026· 47m 14s· 4 players
Game mode
Random Map
Map size
Medium (4 player)
Population
200
Speed
Normal
Resources
Standard
Victory
Conquest
Starting age
Dark Age
Ending age
Imperial Age
RankedLock teamsTeams togetherTeam positionsShared explorationLock speedFull tech treeHidden civsTurbo modeCheats
Victory
Defeat
🇷🇺 Mongols · Russia
1053
+18
🇭🇰 Turks · Hong Kong SAR China
1035
+19
🇫🇷 Franks · France
1100
-19
🇫🇷 Shu · France
1083
-18
fire
11:34 Feudal Age
13:03 Double-Bit Axe
16:07 Castle Age
15:57 Fletching
32:21 Bloodlines
32:12 Husbandry
33:57 Bodkin Arrow
34:02 Padded Archer Armor
37:39 Wheelbarrow
37:30 Ballistics
37:31 Scale Barding Armor
37:43 Leather Archer Armor
41:33 Imperial Age
39:09 Town Watch
39:09 Loom
40:29 Forging
40:55 Bow Saw
42:28 Iron Casting
42:38 Bracer
43:47 Gold Mining
46:15 Chain Barding Armor
47:37 Masonry
Shin Kawashima
8:29 Loom
10:48 Feudal Age
12:14 Horse Collar
16:32 Castle Age
15:48 Double-Bit Axe
15:55 Gold Mining
23:26 Imperial Age
21:40 Bow Saw
21:33 Heavy Plow
21:37 Padded Archer Armor
22:51 Leather Archer Armor
24:50 Ring Archer Armor
25:03 Gold Shaft Mining
31:02 Wheelbarrow
41:13 Two-Man Saw
40:23 Scale Barding Armor
40:29 Forging
42:25 Chain Barding Armor
42:41 Iron Casting
42:53 Hand Cart
42:24 Town Watch
42:59 Stone Mining
44:09 Artillery
44:29 Conscription
45:17 Plate Barding Armor
45:42 Blast Furnace
46:09 Husbandry
46:21 Bloodlines
El-Ziston
4:33 Loom
10:34 Feudal Age
15:03 Castle Age
13:09 Double-Bit Axe
19:24 Crossbowman
23:48 Fletching
27:12 Thumb Ring
27:50 Pikeman
28:46 Gambesons
29:32 Ballistics
32:22 Bodkin Arrow
36:14 Padded Archer Armor
38:19 Squires
39:21 Bow Saw
39:03 Gold Mining
38:57 Horse Collar
42:37 Imperial Age
42:40 Capped Ram
42:55 Arbalester
43:40 Bracer
43:56 Leather Archer Armor
43:53 Forging
43:43 Scale Mail Armor
45:56 Chemistry
Kaila
10:08 Feudal Age
15:03 Castle Age
20:07 Loom
26:00 Gold Mining
28:43 Masonry
32:17 Imperial Age
32:45 Cavalier
Connection lost

Rejoining the realm…

Still unreachable

The connection could not be restored.

Session expired

The server has moved on; the page needs a fresh start.